 Dungeon Crawl Stone Soup version 0.19.4 (webtiles) character file.

476 JeffiDaFish the Stinger (level 6, -4/43 HPs)
             Began as a Demonspawn Venom Mage on Feb 2, 2017.
             Slain by Chudwraith's ghost (11 damage)
             ... on level 4 of the Dungeon.
             The game lasted 00:15:35 (4512 turns).

JeffiDaFish the Stinger (Demonspawn Venom Mage)     Turns: 4512, Time: 00:15:35

Health: -4/43      AC:  9    Str: 11    XL:     6   Next: 84%
Magic:  10/10      EV: 13    Int: 16    God:
Gold:   180        SH:  0    Dex: 15    Spells: 3 memorised, 3 levels left

rFire  . . .     SeeInvis .     g - +0 rapier
rCold  . . .     Gourm    .     h - +0 leather armour
rNeg   . . .     Faith    .     (no shield)
rPois  +         Spirit   .     (no helmet)
rElec  .         Reflect  .     d - +2 cloak
rCorr  .         Harm     .     e - +0 pair of gloves
MR     .....                    (no boots)
Stlth  +++.......               (no amulet)
                                (no ring)
                                f - ring of loudness

@: no status effects
A: claws 1, thin metallic scales 1, demonic guardian 1, nightstalker 2, poison
resistance, strong 1
a: no special abilities


You were on level 4 of the Dungeon.
You were hungry.

You visited 1 branch of the dungeon, and saw 4 of its levels.

You collected 180 gold pieces.

Inventory:

Hand Weapons
 g - a +0 rapier (weapon)
Armour
 d - a +2 cloak (worn)
 e - a +0 pair of gloves (worn)
 h - a +0 leather armour (worn)
Jewellery
 f - a ring of loudness (left hand)
Wands
 l - a wand of confusion (20/48)
Scrolls
 i - 3 scrolls of identify
 j - 2 scrolls of teleportation
 k - 5 scrolls of magic mapping
Books
 b - a Young Poisoner's Handbook

   Spells                             Type                      Level
   a - Sting                          Conjuration/Poison           1
   b - Mephitic Cloud                 Conjuration/Poison/Air       3
   c - Olgreb's Toxic Radiance        Poison                       4
   d - Alistair's Intoxication        Transmutation/Poison         5
   e - Venom Bolt                     Conjuration/Poison           5
Comestibles
 a - a chunk of flesh
 c - 2 bread rations


   Skills:
 + Level 1.4 Fighting
 + Level 1.2 Short Blades
 + Level 2.8 Dodging
 + Level 2.9 Stealth
 * Level 3.2 Spellcasting
 * Level 2.8 Conjurations
 + Level 1.9 Air Magic
 + Level 5.0 Poison Magic


You had 3 spell levels left.
You knew the following spells:

 Your Spells              Type           Power        Failure   Level  Hunger
a - Sting                 Conj/Pois      ###.         6%          1    None
b - Mephitic Cloud        Conj/Pois/Air  ##......     21%         3    ###....
c - Olgreb's Toxic Radia  Pois           ###.....     34%         4    ####...


Dungeon Overview and Level Annotations

Branches:
Dungeon (4/15)
 Temple: D:4-7

Altars:
Gozag
Kikubaaqudgha
Makhleb
Nemelex Xobeh

Annotations:
D:4 Chudwraith's ghost, amateur TrWz


Innate Abilities, Weirdness & Mutations

You are partially covered in thin metallic scales. (AC +2)
A weak demonic guardian rushes to your aid.
You are significantly more attuned to the shadows.
You have sharp fingernails.
Your system is resistant to poisons. (rPois)
Your muscles are strong. (Str +2)


Message History

Your quasit claws Chudwraith's ghost.
Your quasit claws Chudwraith's ghost but does no damage.
Chudwraith's ghost hits your quasit.
Your quasit bites Chudwraith's ghost but does no damage.
Your quasit claws Chudwraith's ghost but does no damage.
Your quasit claws Chudwraith's ghost.
Chudwraith's ghost points at your quasit and mumbles some strange words.
The magic dart hits your quasit.
Your quasit barely misses Chudwraith's ghost.
Your quasit closely misses Chudwraith's ghost.
Your quasit claws Chudwraith's ghost but does no damage.
Your quasit disappears in a puff of smoke!
Chudwraith's ghost gestures at you while chanting.
You resist with significant effort.
You are too injured to fight recklessly!
Chudwraith's ghost barely misses you.
You swap places.
Chudwraith's ghost hits your iron imp.
Your iron imp barely misses Chudwraith's ghost.
Chudwraith's ghost hits you!
You die...

### #..##....##
###########.######..##....##
#.....W..............##..##.
#.########......#.#..##..##.
#.# #......#.#...####.. #W#
#......#.##..# ##.. #.#
#......#.# #.. #... #.#
#......#.# #... #.#
#5@....#.# ##..
#.########W........ ####..
#................ #..##.
##########.....%.... ##..##.
#..........##....## #######.
..##....## #.#......#
#.#..#.(.# ##.........


You could see Chudwraith's ghost and a friendly iron imp.

Vanquished Creatures
  A bullfrog (D:3)
  An orc wizard (D:3)
  Crazy Yiuf (D:2)
  An orc priest (D:4)
  Ijyb (D:2)
  3 bullfrog skeletons
  An iguana (D:4)
  A worker ant (D:3)
  A howler monkey skeleton (D:4)
  5 adders
  An ooze (D:2)
  4 worms
  A dart slug (D:1)
  4 leopard geckos
  15 orcs
  6 giant cockroaches
  5 goblins
  8 hobgoblins
  A jackal (D:3)
  7 kobolds
  9 bats
  4 frilled lizards
  6 rats
87 creatures vanquished.

Vanquished Creatures (collateral kills)
  Jessica (D:2)
  A leopard gecko (D:4)
  A frilled lizard (D:2)
3 creatures vanquished.

Grand Total: 90 creatures vanquished

Notes
Turn   | Place    | Note
-------+----------+-------------------------------------------
     0 | D:1      | JeffiDaFish the Demonspawn Venom Mage began the quest for the Orb.
     0 | D:1      | Reached XP level 1. HP: 13/13 MP: 3/3
   257 | D:1      | Gained mutation: Your system is resistant to poisons. (rPois) [potion of mutation]
   257 | D:1      | Gained mutation: Your muscles are strong. (Str +2) [potion of mutation]
   257 | D:1      | Gained mutation: You have sharp fingernails. [potion of mutation]
   445 | D:1      | Gained mutation: A weak demonic guardian rushes to your aid. [demonic ancestry]
   445 | D:1      | Reached XP level 2. HP: 17/19 MP: 1/5
  1003 | D:2      | Noticed Jessica
  1007 | D:2      | Killed Jessica
  1007 | D:2      | Gained mutation: You are partially covered in thin metallic scales. (AC +2) [demonic ancestry]
  1007 | D:2      | Reached XP level 3. HP: 24/24 MP: 0/6
  1169 | D:2      | Noticed Ijyb
  1192 | D:2      | Killed Ijyb
  1192 | D:2      | Gained mutation: You are slightly more attuned to the shadows. [demonic ancestry]
  1192 | D:2      | Reached XP level 4. HP: 16/30 MP: 0/7
  1371 | D:2      | Learned a level 3 spell: Mephitic Cloud
  1383 | D:2      | Reached skill level 1 in Conjurations
  1389 | D:2      | Found an ancient bone altar of Kikubaaqudgha.
  1998 | D:2      | Found a runed door.
  2002 | D:2      | Noticed Crazy Yiuf
  2053 | D:2      | Killed Crazy Yiuf
  2162 | D:2      | Found a sparkling altar of Nemelex Xobeh.
  2335 | D:2      | Found a burning altar of Makhleb.
  2615 | D:2      | Gained mutation: You are significantly more attuned to the shadows. [demonic ancestry]
  2615 | D:2      | Reached XP level 5. HP: 33/36 MP: 3/9
  2770 | D:3      | Learned a level 4 spell: Olgreb's Toxic Radiance
  2862 | D:3      | Reached skill level 1 in Air Magic
  2989 | D:3      | Found an opulent altar of Gozag.
  3023 | D:3      | Reached skill level 1 in Short Blades
  3070 | D:3      | Reached skill level 1 in Fighting
  3093 | D:3      | Reached XP level 6. HP: 13/43 MP: 6/10
  4034 | D:4      | Reached skill level 5 in Poison Magic
  4424 | D:4      | Noticed Chudwraith's ghost (amateur TrWz)
  4477 | D:4      | HP: 2/43 [Chudwraith's ghost (7)]
  4512 | D:4      | Slain by Chudwraith's ghost

Skill      XL: |  1  2  3  4  5  6 |
---------------+-------------------+-----
Dodging        | 2 |  2.8
Conjurations   | 1 2 |  2.8
Stealth        | 2 |  2.9
Air Magic      | 1 |  1.9
Short Blades   | 1 |  1.2
Fighting       | 1 |  1.4
Spellcasting   | 3 |  3.2
Poison Magic   | 5 |  5.0

Action                   |  1- 3 |  4- 6 || total
-------------------------+-------+-------++-------
Melee: Whip              |    25 |       ||    25
       Rapier            |    19 |   227 ||   246
 Cast: Sting             |    39 |    37 ||    76
       Mephitic Cloud    |       |    13 ||    13
  Use: Potion            |     1 |     3 ||     4
       Scroll            |     3 |     5 ||     8
 Stab: Sleeping          |       |    11 ||    11
       Confused          |       |     7 ||     7
       Distracted        |       |     2 ||     2
  Eat: Chunk             |     1 |    13 ||    14
Armor: Robe              |    10 |       ||    10
       Leather armour    |       |    81 ||    81
Dodge: Dodged            |    29 |   126 ||   155
